groovejumper, chaotic female elven Wizard ---- --- --..| -----a-- |...-- |......- --...-- --...h.a |....-- --..a@- |.....-- |..aN| |......----------- -...- --.................. ..... G |.................... --..........--........ ... -----..... --.....%. .<.. ----.. --...... ---- .....- ---|..- --..... ---..| -..%..-- ----.--..- --.... ---....--- |.......- |.....^... |.... |......).-----.....*.. |-.........------...........-----[%---...)%-----.[..(- |...........)...%%...........)))............)..))...(^ --....^.>.................-....(|..---.....----..- .-- ....---------......---........----- --.--.| groovejumper the Thaumaturge Experience level: 8 Strength: 16 Dexterity: 16 Constitution: 16 Intelligence: 16 Wisdom: 11 Charisma: 12 Health: 0(45) Energy: 67(67) AC: 8 Gold: 33 Moves: 12230 Your Inventory: Coins $ - 33 gold pieces Weapons a - a blessed +1 quarterstaff (weapon in hands) A - 19 [uncursed +0] darts (in quiver) C - 5 [cursed -1] darts Armor P - an uncursed +0 pair of elven boots (being worn) R - an uncursed rotted +0 cloak of magic resistance (being worn) Scrolls E - a [blessed] scroll of teleportation Wands c - an uncursed wand of make invisible (0:4) q - an [uncursed] wand of magic missile [0:5] Tools b - an [uncursed] sack u - an [uncursed +0] unicorn horn K - an [uncursed +0] pick-axe Contents of the sack: 1153 gold pieces an [uncursed +1] thirsty dagger a [cursed -1] visored helmet [helmet] an [uncursed] carrot an [uncursed stale red naga] egg an [uncursed] eucalyptus leaf 5 uncursed food rations an uncursed lizard corpse 2 uncursed sprigs of wolfsbane an [uncursed] scroll labeled GARVEN DEH [of destroy armor] an uncursed scroll labeled PRIRUTSENIE [of taming] an uncursed scroll of confuse monster a [blessed] scroll of earth an uncursed scroll of enchant armor 3 uncursed scrolls of enchant weapon a cursed scroll of enchant weapon an uncursed scroll of flood an uncursed scroll of magic mapping an uncursed scroll of scare monster a blessed unlabeled scroll [of blank paper] an [uncursed] unlabeled scroll [of blank paper] 2 [cursed] unlabeled scrolls [of blank paper] an uncursed bubbly potion [of fruit juice] 8 uncursed clear potions [of water] a cursed pink potion [of polymorph] an [uncursed] pink potion [of polymorph] 2 uncursed potions of invisibility 2 uncursed potions of levitation an uncursed potion of restore ability an [uncursed +1] amber ring [of gain strength] an [uncursed] jet ring [of invisibility] an [uncursed] jet ring [of invisibility] an [uncursed] ridged ring [of levitation] an uncursed +1 ring of increase accuracy an uncursed ring of poison resistance an uncursed ring of searching an [uncursed] ring of searching a cursed ring of see invisible an uncursed ring of shock resistance an [uncursed +1] sapphire ring [of gain constitution] a [cursed -5] sapphire ring [of gain constitution] a [blessed +1] twisted ring [of increase damage] an [uncursed] wedding ring [of protection from shape changers] an [uncursed] bamboo wand [of light (0:13)] an [uncursed] curved wand [of teleportation (0:7)] an [uncursed] curved wand [of teleportation (0:5)] an [uncursed] grooved wand [of nothing (0:4)] an [uncursed] mahogany wand [of sleep (0:7)] an [uncursed] mahogany wand [of sleep (0:4)] an [uncursed] silver wand [of cold (0:6)] an [uncursed] wand of magic missile [0:7] an [uncursed] wand of magic missile [0:3] an [uncursed] wand of magic missile [0:7] an uncursed wand of striking (0:2) an [uncursed magic] lamp Spells known in the end: Name Level Category Fail Memory a - force bolt 1 attack 0% [||||....] b - healing 1 healing 0% [||||....] c - clairvoyance 3 divination 91% [||||....] d - wizard lock 2 matter 57% [||||....] e - levitation 4 escape 100% [|||||...] f - polymorph 6 matter 100% [|||||...] Your skills at the end: Fighting Skills Weapon Skills quarterstaff [Skilled / Expert] Spellcasting Skills attack spells [Skilled / Expert] enchantment spells [Basic / Skilled] Final Attributes: You were piously aligned. Hunger level was 447. Your alignment was 70 / 71. Monster difficulty range was 0 - 6. Level difficulty was 5. You were immune to sleep. You resisted poison. You were magic-protected. You were blinded. You saw invisible. You were telepathic. You had infravision. You were invisible to others. You were stealthy. You could teleport. You were lucky (1). You are dead. Vanquished creatures: 2 giant mimics a small mimic a tengu an elf mummy a human mummy a quivering blob a wolf 4 leprechauns an orc mummy 2 brown puddings a yeti 2 gold golems a lizard a dog a dingo 2 jaguars a gray unicorn 2 dust vortices a raven 3 plains centaurs 2 apes 2 soldier ants 3 fire ants 2 wood nymphs a mountain nymph 2 Mordor orcs 4 Uruk-hai 4 enormous rats a pony 2 fog clouds 2 yellow lights 2 shriekers 2 violet fungi 7 gnome lords 4 gnomish wizards a kobold mummy a red naga hatchling 2 black naga hatchlings a golden naga hatchling 5 guardian naga hatchlings 2 gray oozes 3 elf zombies a paper golem a wax golem 2 baby crocodiles 7 giant ants a little dog 5 floating eyes 2 kittens 6 dwarves 3 homunculi 8 hill orcs 4 rothes 2 rabid rats 2 centipedes 4 giant bats 3 monkeys 4 orc zombies a wererat a werejackal 5 iguanas 2 acid blobs a coyote 4 hobbits 10 manes 3 large kobolds a hobgoblin 9 giant rats 10 cave spiders 3 yellow molds 3 green molds 20 gnomes 23 Keystone Kops 7 garter snakes 4 gnome zombies 6 geckos 4 jackals 2 foxes 3 kobolds 7 goblins 3 sewer rats 11 grid bugs 3 bats 6 lichens a kobold zombie 8 newts 301 creatures vanquished. Voluntary challenges: You used a wielded weapon 356 times. You read items or engraved 63 times. You put on armor 8 times. You never genocided any monsters. You never polymorphed an object. You never changed form. You used no wishes. You wrote Elbereth's name 37 times. You never encountered a bones level. You used 3 Sokoban shortcuts. Dungeon overview: The Dungeons of Doom: levels 1 to 8 Level 1 some fountains a long staircase Level 2 an altar to Anhur, some fountains, a sink Level 3 a general store, a fountain stairs to The Gnomish Mines Level 4 a potion shop Level 6 some fountains Level 7 an altar to Anhur stairs to Sokoban The Gnomish Mines: levels 4 to 5 Level 4 stairs to The Dungeons of Doom Level 5 <- You were here Sokoban: levels 4 to 6 Level 6 a magic chest stairs to The Dungeons of Doom History has recorded: On T:1 you entered the Dungeons of Doom to retrieve the Amulet of Yendor! On T:351 you reached level 2 of The Dungeons of Doom. On T:430 you advanced to experience level 2. On T:542 you advanced to experience level 3. On T:782 you advanced to experience level 4. On T:1149 you reached level 3 of The Dungeons of Doom. On T:1504 you advanced to experience level 5. On T:2563 you advanced to experience level 6. On T:2701 you reached level 4 of The Dungeons of Doom. On T:2941 you reached level 5 of The Dungeons of Doom. On T:3058 you advanced to experience level 7. On T:3622 you reached level 6 of The Dungeons of Doom. On T:3999 you reached level 7 of The Dungeons of Doom. On T:4284 you reached level 3 of Sokoban. On T:4418 you advanced to experience level 8. On T:4867 you reached level 2 of Sokoban. On T:6322 you reached level 1 of Sokoban. On T:7334 you reached level 8 of The Dungeons of Doom. On T:7457 you advanced to experience level 9. On T:10761 you received advice from The Oracle. On T:11226 you advanced to experience level 10. On T:11382 you reached level 1 of The Gnomish Mines. On T:11885 you reached level 2 of The Gnomish Mines. Latest messages: [HP+1=42] [HP+1=43] [HP+1=44] Hit points restored. [HP+1=45] Your surroundings suddenly seem different. [2 turns] Magic energy restored. [2 turns] You are momentarily blinded by a flash of light! The soldier ant bites! The soldier ant stings! The soldier ant bites! The soldier ant stings! [HP-24=21] [2 turns] You write "Elbereth" with your fingers into the dust. The soldier ant bites! The soldier ant stings! The soldier ant bites! The soldier ant stings! You die... Final status: Goodbye groovejumper the Wizard... You died in The Gnomish Mines on dungeon level 5 with 9590 points, and 1186 pieces of gold, after 12230 moves. You were level 8 with a maximum of 45 hit points when you died.